 Dungeon Crawl Stone Soup version 0.30-a0-172-gc5509c9e31 (webtiles) character file.

Game seed: 7548461785114304707

57941 epen the Thaumaturge (level 14, -5/109 HPs)
             Began as a Gnoll Fire Elementalist on Oct 1, 2022.
             Was the Champion of Cheibriados.
             Slain by a large slime creature (15 damage)
             ... on level 13 of the Dungeon.
             The game lasted 00:37:30 (21348 turns).

epen the Thaumaturge (Gnoll Fire Elementalist)     Turns: 21348, Time: 00:37:30

Health: -5/109     AC: 20    Str: 28    XL:     14   Next: 88%
Magic:  27/29      EV: 23    Int: 33    God:    Cheibriados [******]
Gold:   2527       SH:  0    Dex: 35    Spells: 19/35 levels left

rFire   . . .      SeeInvis .    u - +7 spear (vamp)
rCold   . . .      Faith    .    (no shield)
rNeg    . . .      Spirit   .    T - +2 plate armour {rPois}
rPois   +          Reflect  .    M - +0 helmet of the Shrieking God {Int+4 Dex+3 Slay+3}
rElec   .          Harm     .    o - +0 cloak
rCorr   .          Rampage  .    y - +4 pair of gloves of the Peculiar Beds {Will+ Str+4}
Will    ++...                    (no boots)
Stlth   ++........               (no amulet)
HPRegen 0.38/turn                J - +4 ring of evasion
MPRegen 0.21/turn                E - ring of flight

@: about to teleport, corroded, flying, studying Hexes, very slow
A: fangs 1, strong nose, distributed training
a: Renounce Religion, Bend Time, Temporal Distortion, Slouch, Step From Time


You were on level 13 of the Dungeon.
You worshipped Cheibriados.
Cheibriados was exalted by your worship.
You visited 3 branches of the dungeon, and saw 19 of its levels.
You also visited: Ice Cave.

You collected 2629 gold pieces.
You spent 102 gold pieces at shops.

Inventory:

Hand Weapons
 d - a +1 dagger of venom
 k - a +1 dagger of protection
 u - a +7 vampiric spear (weapon)
 v - a +1 trident of protection
Armour
 a - a +0 robe
 o - a +0 cloak (worn)
 q - a +3 ring mail of cold resistance
 w - +0 steam dragon scales
 x - a +2 hat
 y - the +4 pair of gloves of the Peculiar Beds (worn) {Will+ Str+4}
   (You found it in an ice cave)

   Str:       It affects your strength (+4).
   Will:      It increases your willpower.
 M - the +0 helmet of the Shrieking God (worn) {Int+4 Dex+3 Slay+3}
   (You acquired it on level 5 of the Lair of Beasts)

   Int:       It affects your intelligence (+4).
   Dex:       It affects your dexterity (+3).
   Slay:      It affects your accuracy & damage with ranged weapons and melee
   (+3).
 P - a +3 plate armour
 T - a +2 plate armour of poison resistance (worn)
Jewellery
 C - a ring of ice
 E - a ring of flight (right hand)
 J - a +4 ring of evasion (left hand)
 N - a ring of protection from fire
 S - an amulet of faith
Wands
 t - a wand of polymorph (17)
 B - a wand of charming (12)
 F - a wand of mindburst (10)
 I - a wand of digging (5)
 L - a wand of iceblast (7)
 R - a wand of acid (4)
Scrolls
 i - 11 scrolls of identify
 m - 7 scrolls of teleportation
 s - 3 scrolls of brand weapon
 A - 4 scrolls of fear
 D - a scroll of enchant armour
 H - 2 scrolls of immolation
 K - 3 scrolls of magic mapping
 Q - a scroll of acquirement
Potions
 b - a potion of magic
 c - 13 potions of curing
 e - 4 potions of degeneration
 f - a potion of resistance
 g - 7 potions of brilliance
 h - 5 potions of attraction
 j - 4 potions of cancellation
 l - 2 potions of might
 n - 5 potions of haste
 p - 2 potions of lignification
 r - 6 potions of heal wounds
 z - 2 potions of mutation
 G - 3 potions of ambrosia {unknown}
Miscellaneous
 O - a phial of floods


   Skills:
 + Level 9.9 Fighting
 + Level 9.9 Short Blades
 + Level 9.9 Long Blades
 + Level 9.9 Axes
 + Level 9.9 Maces & Flails
 + Level 9.9 Polearms
 + Level 9.9 Staves
 + Level 9.9 Ranged Weapons
 + Level 9.9 Throwing
 + Level 9.9 Armour
 + Level 11.0 Dodging
 + Level 10.8 Stealth
 + Level 9.9 Shields
 + Level 9.9 Unarmed Combat
 + Level 11.1 Spellcasting
 + Level 8.6 Conjurations
 + Level 8.8 Hexes
 + Level 8.3 Summonings
 + Level 8.3 Necromancy
 + Level 8.3 Translocations
 + Level 8.3 Transmutations
 + Level 10.0 Fire Magic
 + Level 8.3 Ice Magic
 + Level 8.3 Air Magic
 + Level 8.3 Earth Magic
 + Level 8.3 Poison Magic
 + Level 10.8 Invocations
 + Level 9.9 Evocations


You had 19 spell levels left.
You knew the following spells:

 Your Spells              Type           Power      Damage    Failure   Level
a - Foxfire               Conj/Fire      100%       2x1d9     1%          1
b - Scorch                Fire           100%       2d10      1%          2
c - Tukima's Dance        Hex            66%        N/A       1%          3
d - Blade Hands           Tmut           32%        N/A       19%         5
e - Freezing Cloud        Conj/Ice/Air   32%        6-21      19%         5

Your spell library contained the following spells:

 Spells                   Type           Power      Damage    Failure   Level
 Magic Dart               Conj           100%       1d8       1%          1
 Sting                    Tmut/Pois      100%       1d8       1%          1
 Blink                    Tloc           100%       N/A       1%          2
 Call Imp                 Summ           65%        N/A       1%          2
 Momentum Strike          Conj/Tloc      100%       3d10      1%          2
 Poisonous Vapours        Pois/Air       100%       N/A       1%          2
 Ignite Poison            Fire/Tmut/Pois 67%        N/A       1%          3
 Inner Flame              Hex/Fire       69%        N/A       1%          3
 Kindle Blastsparks       Fire/Tloc/Air  100%       2d18      1%          3
 Lesser Beckoning         Tloc           65%        N/A       1%          3
 Mephitic Cloud           Conj/Pois/Air  65%        N/A       1%          3
 Portal Projectile        Hex/Tloc       100%       N/A       1%          3
 Flame Wave               Conj/Fire      69%        2d16      4%          4
 Sticky Flame             Conj/Fire      69%        2d8       4%          4
 Olgreb's Toxic Radiance  Pois           65%        N/A       7%          4


Dungeon Overview and Level Annotations

Branches:
Dungeon (13/15)            Temple (1/1) D:4            Lair (5/5) D:11
  Swamp (0/4) Lair:2        Snake (0/4) Lair:3        Slime (0/5) Lair:4
    Orc (0/2) D:12         Vaults (0/5) D:13          IceCv (visited)

Altars:
Ashenzari
Cheibriados
Dithmenos
Elyvilon
Fedhas
Gozag
Hepliaklqana
Kikubaaqudgha
Nemelex Xobeh
Okawaru
Qazlal
Ru
Sif Muna
Trog
Uskayaw
Vehumet
Wu Jian
Xom
Yredelemnul
Zin
The Shining One
Jiyva

Shops:
D:5 (   D:12 *


Innate Abilities, Weirdness & Mutations

You have very sharp teeth.
Your uncanny sense of smell can sniff out nearby items.
Your experience applies equally to all skills.


Message History

You slice the brown ugly thing!! You bite the brown ugly thing.
The brown ugly thing is almost dead.
Your hands revert to their normal proportions.
Your +7 vampiric spear unmelds from your body.
The +4 pair of gloves of the Peculiar Beds {Will+ Str+4} unmelds from your body.
You feel a sense of dread. The brown ugly thing kicks you.
The acid corrodes you!
You are splashed with acid!
You puncture the brown ugly thing!
You feel better.
You kill the brown ugly thing!
Cheibriados thoroughly appreciates the change of pace.
Your Dodging skill increases to level 11!
You hit the large slime creature.
You bite the large slime creature, but do no damage.
The large slime creature is lightly wounded.
You hit the large slime creature.
You feel better.
The large slime creature is lightly wounded.
Two slime creatures merge to form a large slime creature.
The large slime creature barely misses you.
You hit the large slime creature.
The large slime creature is lightly wounded.
You puncture the large slime creature!
The large slime creature is lightly wounded.
Two slime creatures merge to form a very large slime creature.
The large slime creature hits you!
You hit the large slime creature.
The large slime creature is lightly wounded.
Two slime creatures merge to form an enormous slime creature.
The large slime creature closely misses you.
You puncture the large slime creature!
You feel better.
The large slime creature is moderately wounded.
You hit the large slime creature.
You feel better.
The large slime creature is moderately wounded.
The enormous slime creature hits you!! The large slime creature hits you!!
You are too injured to fight recklessly!
Okay, then.
As you read the scroll of teleportation, it crumbles to dust.
You feel strangely unstable. The enormous slime creature hits you!!
* * * LOW HITPOINT WARNING * * *
The large slime creature hits you!
You die...

#...........# ####
######...........#
.... ∆
.................#
...(
.......#########.#
.... ....... #.#
.... ....... #.#
.... ....... #.#
....
......J#########.#
....
......J@.........#
####
##################


You could see an enormous slime creature and a large slime creature.

Vanquished Creatures
  Frances (D:13)
  A fire dragon (Lair:5)
  A hydra (D:13)
  A centaur warrior (D:13)
  8 vault guards
  A catoblepas (Lair:3)
  2 two-headed ogres
  5 boulder beetles
  6 death yaks (D:11)
  Lodul (D:12)
  A swamp dragon (Lair:5)
  A deep elf pyromancer (D:12)
  An oklob plant (Lair:2)
  2 ugly things
  A cyclops (D:11)
  A manticore (D:12)
  2 black mambas
  20 elephants
  2 gargoyles
  5 rime drakes
  10 cane toads
  A kobold demonologist (D:12)
  10 komodo dragons
  An unseen horror (D:11)
  An anaconda simulacrum (IceCv)
  2 trolls
  A polar bear (Lair:1)
  Grinder (D:3)
  Prince Ribbit (D:7)
  A hornet (D:9)
  15 blink frogs
  A dream sheep (shapeshifter) (D:13)
  Sigmund (D:3)
  A shadow (D:13)
  3 wraiths
  33 yaks
  5 wyverns
  A steam dragon (D:8)
  4 basilisks (Lair:5)
  15 vampire mosquitoes
  2 wargs (D:12)
  2 acid dragons (Lair:5)
  7 water moccasins
  7 orc warriors
  3 sky beasts
  7 black bears
  2 swamp drakes (Lair:5)
  An ice beast (D:7)
  19 wolves
  11 ogres
  11 centaurs
  4 kobold brigands
  9 bullfrogs
  A gnoll sergeant (D:6)
  A scorpion (D:5)
  4 necrophages
  3 two-headed ogre simulacra (IceCv)
  9 wights
  5 killer bees (D:9)
  2 howler monkeys (D:9)
  Crazy Yiuf (D:4)
  6 jellies
  6 orc priests
  12 orc wizards
  3 iguanas (Lair:5)
  Natasha (twice) (D:3)
  Terence (D:3)
  A troll simulacrum (IceCv)
  2 wolf simulacra (IceCv)
  3 spriggan simulacra (IceCv)
  5 gnolls
  4 adders
  3 naga simulacra (IceCv)
  5 white imps
  7 ufetubi
  A worm (D:2)
  2 dart slugs (D:3)
  46 orcs
  26 endoplasms
  2 giant cockroaches
  3 hobgoblins
  7 jackals
  4 quokkas
  5 ball pythons
  6 bats
  4 frilled lizards
  8 goblins
  27 kobolds
  6 rats
489 creatures vanquished.

Vanquished Creatures (collateral kills)
  6 wights
  An orc priest (D:8)
  2 orcs
9 creatures vanquished.

Vanquished Creatures (others)
  A wizard (D:5)
  9 dancing weapons
  An orc wizard (D:10)
  A white imp (IceCv)
  17 foxfires
  20 fungi
  69 plants
118 creatures vanquished.

Grand Total: 616 creatures vanquished

Notes
Turn   | Place    | Note
-------+----------+-------------------------------------------
     0 | D:1      | epen the Gnoll Fire Elementalist began the quest for the
                  | Orb.
     0 | D:1      | Reached XP level 1. HP: 13/13 MP: 6/6
   185 | D:1      | Reached XP level 2. HP: 12/19 MP: 7/7
   257 | D:1      | Learned a level 2 spell: Scorch
   447 | D:1      | Reached skill level 5 in Spellcasting
   447 | D:1      | Reached XP level 3. HP: 25/25 MP: 5/9
   830 | D:2      | Reached skill level 1 in Invocations
  1101 | D:2      | Found a faded altar of an unknown god.
  1225 | D:2      | Reached skill level 1 in Fighting
  1225 | D:2      | Reached skill level 1 in Short Blades
  1225 | D:2      | Reached skill level 1 in Long Blades
  1225 | D:2      | Reached skill level 1 in Axes
  1225 | D:2      | Reached skill level 1 in Maces & Flails
  1225 | D:2      | Reached skill level 1 in Polearms
  1225 | D:2      | Reached skill level 1 in Staves
  1225 | D:2      | Reached skill level 1 in Ranged Weapons
  1225 | D:2      | Reached skill level 1 in Throwing
  1225 | D:2      | Reached skill level 1 in Armour
  1225 | D:2      | Reached skill level 1 in Shields
  1225 | D:2      | Reached skill level 1 in Unarmed Combat
  1225 | D:2      | Reached skill level 1 in Evocations
  1378 | D:3      | Reached XP level 4. HP: 18/32 MP: 4/11
  1405 | D:3      | Reached skill level 1 in Hexes
  1405 | D:3      | Reached skill level 1 in Summonings
  1405 | D:3      | Reached skill level 1 in Necromancy
  1405 | D:3      | Reached skill level 1 in Translocations
  1405 | D:3      | Reached skill level 1 in Transmutations
  1405 | D:3      | Reached skill level 1 in Ice Magic
  1405 | D:3      | Reached skill level 1 in Air Magic
  1405 | D:3      | Reached skill level 1 in Earth Magic
  1405 | D:3      | Reached skill level 1 in Poison Magic
  1624 | D:3      | Noticed Grinder
  1627 | D:3      | Noticed Sigmund
  1815 | D:4      | Found a staircase to the Ecumenical Temple.
  1822 | Temple   | Entered the Ecumenical Temple
  1878 | Temple   | Became a worshipper of Cheibriados the Contemplative
  1950 | D:4      | Noticed a necrophage
  1956 | D:4      | Killed a necrophage
  1957 | D:4      | Reached XP level 5. HP: 26/37 MP: 3/12
  2303 | D:4      | Found a runed translucent door.
  2304 | D:4      | Noticed Crazy Yiuf
  2310 | D:4      | Killed Crazy Yiuf
  2386 | D:4      | Noticed a black bear
  2392 | D:4      | Killed a black bear
  2393 | D:4      | Reached skill level 5 in Dodging
  2393 | D:4      | Reached XP level 6. HP: 44/44 MP: 4/14
  2763 | D:3      | Noticed Terence
  2779 | D:3      | Killed Terence
  2875 | D:3      | Noticed Natasha
  2893 | D:3      | Killed Natasha
  2936 | D:3      | Noticed Natasha
  2944 | D:3      | Paralysed by Grinder for 2 turns
  2965 | D:3      | Killed Grinder
  2966 | D:3      | Reached XP level 7. HP: 38/51 MP: 3/15
  3188 | D:3      | Killed Sigmund
  3189 | D:3      | Reached skill level 5 in Stealth
  3370 | D:3      | Killed Natasha
  3489 | D:5      | Entered Level 5 of the Dungeon
  3511 | D:5      | Reached * piety under Cheibriados
  3515 | D:5      | Reached XP level 8. HP: 38/58 MP: 2/16
  3588 | D:5      | Learned a level 3 spell: Tukima's Dance
  3635 | D:5      | Found a shadowy altar of Dithmenos.
  3651 | D:5      | Found Eppurgh's Weapon Boutique.
  3709 | D:5      | Found a stormy altar of Qazlal.
  3883 | D:5      | Noticed a wyvern
  3890 | D:5      | Killed a wyvern
  3906 | D:5      | Found a shimmering altar of Xom.
  4008 | D:5      | Found a bloodstained altar of Trog.
  4009 | D:5      | Noticed a wizard
  4014 | D:5      | Killed a wizard
  4675 | D:6      | Reached XP level 9. HP: 45/65 MP: 2/18
  4688 | D:6      | Found a sacrificial altar of Ru.
  4829 | D:6      | Reached ** piety under Cheibriados
  5289 | D:7      | Noticed Prince Ribbit
  5289 | D:7      | You fall into a shaft and drop 2 floors!
  5628 | D:8      | Reached skill level 5 in Invocations
  5659 | D:8      | Reached *** piety under Cheibriados
  5871 | D:7      | Killed Prince Ribbit
  6190 | D:7      | Reached skill level 5 in Fighting
  6190 | D:7      | Reached skill level 5 in Short Blades
  6190 | D:7      | Reached skill level 5 in Long Blades
  6190 | D:7      | Reached skill level 5 in Axes
  6190 | D:7      | Reached skill level 5 in Maces & Flails
  6190 | D:7      | Reached skill level 5 in Polearms
  6190 | D:7      | Reached skill level 5 in Staves
  6190 | D:7      | Reached skill level 5 in Ranged Weapons
  6190 | D:7      | Reached skill level 5 in Throwing
  6190 | D:7      | Reached skill level 5 in Armour
  6190 | D:7      | Reached skill level 5 in Shields
  6190 | D:7      | Reached skill level 5 in Unarmed Combat
  6190 | D:7      | Reached skill level 5 in Evocations
  6190 | D:7      | Reached XP level 10. HP: 70/74 MP: 15/20
  6739 | D:8      | Reached **** piety under Cheibriados
  7563 | D:9      | Found an iron altar of Okawaru.
  7648 | D:9      | Reached skill level 5 in Conjurations
  7742 | D:9      | Found a blossoming altar of Fedhas.
  7986 | D:9      | Found a glowing golden altar of the Shining One.
  8280 | D:10     | Entered Level 10 of the Dungeon
  8638 | D:10     | Noticed a gargoyle
  8644 | D:10     | Killed a gargoyle
  8795 | D:10     | Reached skill level 5 in Hexes
  8795 | D:10     | Reached skill level 5 in Summonings
  8795 | D:10     | Reached skill level 5 in Necromancy
  8795 | D:10     | Reached skill level 5 in Translocations
  8795 | D:10     | Reached skill level 5 in Transmutations
  8795 | D:10     | Reached skill level 5 in Ice Magic
  8795 | D:10     | Reached skill level 5 in Air Magic
  8795 | D:10     | Reached skill level 5 in Earth Magic
  8795 | D:10     | Reached skill level 5 in Poison Magic
  8944 | D:10     | Reached XP level 11. HP: 81/81 MP: 17/22
  8955 | D:10     | Reached ***** piety under Cheibriados
  9283 | D:10     | Found an ornate altar of the Wu Jian Council.
  9375 | D:11     | Noticed a cyclops
  9418 | D:11     | Noticed a death yak
  9420 | D:11     | Noticed a death yak
  9421 | D:11     | Noticed a death yak
  9421 | D:11     | Noticed a death yak
  9437 | D:11     | Noticed a death yak
  9438 | D:11     | Noticed a death yak
  9620 | D:11     | Learned a level 5 spell: Blade Hands
  9633 | D:11     | Found a frozen archway.
  9637 | D:11     | Noticed a boulder beetle
  9643 | IceCv    | Entered an ice cave
  9887 | IceCv    | Identified the +4 pair of gloves of the Peculiar Beds
                  | {Will+ Str+4}
 10383 | D:11     | Killed a boulder beetle
 10592 | D:11     | Noticed a boulder beetle
 10617 | D:11     | Killed a boulder beetle
 10855 | D:11     | Noticed a two-headed ogre
 10863 | D:11     | Killed a two-headed ogre
 11112 | D:11     | Found a staircase to the Lair.
 11130 | D:11     | Killed a death yak
 11135 | D:11     | Killed a death yak
 11141 | D:11     | Killed a death yak
 11148 | D:11     | Killed a death yak
 11154 | D:11     | Killed a death yak
 11155 | D:11     | Reached XP level 12. HP: 41/91 MP: 22/24
 11158 | D:11     | Killed a death yak
 11819 | Lair:1   | Entered Level 1 of the Lair of Beasts
 13317 | Lair:2   | Learned a level 5 spell: Freezing Cloud
 13512 | Lair:2   | Reached XP level 13. HP: 93/98 MP: 26/26
 13631 | Lair:2   | Found a staircase to the Swamp.
 13868 | Lair:2   | Reached ****** piety under Cheibriados
 14746 | Lair:3   | Reached skill level 10 in Spellcasting
 14867 | Lair:3   | Found a staircase to the Snake Pit.
 15596 | Lair:4   | Reached skill level 10 in Dodging
 15721 | Lair:4   | You fall into a shaft and drop 1 floor!
 15721 | Lair:5   | Entered Level 5 of the Lair of Beasts
 15742 | Lair:5   | Identified the +4 chain mail of Parlour Games {Rampage
                  | *Corrode Will+++ Dex-3}
 16013 | Lair:5   | Reached skill level 10 in Stealth
 16308 | Lair:4   | Reached skill level 10 in Invocations
 16308 | Lair:4   | Reached XP level 14. HP: 45/108 MP: 24/28
 16689 | Lair:4   | Found a viscous altar of Jiyva.
 16690 | Lair:4   | Found a staircase to the Slime Pits.
 18273 | Lair:5   | Identified 3 scrolls of acquirement
 18273 | Lair:5   | Acquired a ring of protection from fire
 18275 | Lair:5   | Acquired 1173 gold pieces
 18277 | Lair:5   | Acquired the +0 helmet of the Shrieking God {Int+4 Dex+3
                  | Slay+3}
 18466 | D:12     | Found Mik Jasm's General Store.
 18470 | D:12     | Bought a potion of curing for 51 gold pieces
 18470 | D:12     | Bought a potion of curing for 51 gold pieces
 19031 | D:12     | Found a staircase to the Orcish Mines.
 19135 | D:12     | Noticed Lodul
 19157 | D:12     | Killed Lodul
 20121 | D:13     | Noticed Frances
 20134 | D:13     | Killed Frances
 20458 | D:13     | Reached skill level 10 in Fire Magic
 20710 | D:13     | Found a gate to the Vaults.
 21348 | D:13     | Slain by a large slime creature

Illustrated notes

Levels and vault maps discovered:
D:1:      tarquinn_simple_flora_water_e, layout_basic
D:2:      layout_basic, shapermc_ecumenical_altar_petra, solitary_fountain
D:3:      layout_basic, minmay_strange_pillars, uniq_sigmund, uniq_terence,
          uniq_natasha, uniq_grinder
D:4:      layout_gridville, minmay_temple_entry_mini_moons,
          uniq_crazy_yiuf_cottage
D:5:      layout_cave_pools, grunt_qazlal_sundering, general_overflow_altar,
          trog_wizard, grunt_dithmenos_smoke_and_mirrors, serial_shops,
          nicolae_shop_stone, chequers_decorated_corner
D:6:      layout_cave_pools, mainiacjoe_overflow_alcove_1
D:7:      layout_loops_cross, uniq_prince_ribbit1
D:8:      layout_basic, st_stairs_5
D:9:      layout_roguey, lemuel_crystal_altar, lemuel_tele_altar,
          nicolae_tso_swordbearing_angel
D:10:     layout_cave_pools, mainiacjoe_overflow_catwalk
D:11:     layout_basic, dpeg_lair_monsters, portal_ice_cave_entry_pillars_1,
          kennysheep_small_circle
D:12:     layout_stronghold, david_orc_1_choice, serial_shops,
          nicolae_shop_hallway_stairs, uniq_lodul
D:13:     layout_small_grid, erik_vaults_2, chequers_serial_rivers_large_b,
          uniq_frances
Temple:   nicolae_temple_bog_church
Lair:1:   layout_gridlike
Lair:2:   lemuel_slime, layout_chaotic_city, minmay_swamp_entry_swarm,
          chequers_serial_rivers_micro_d
Lair:3:   layout_cave_shapes, dummy_snake_entry, kennysheep_catoblepas_arena,
          grunt_megastairs_3
Lair:4:   layout_cave_shapes, slime_entry_1, grunt_forest_stairs_basic,
          serial_bayou_lagoon_a
Lair:5:   guppyfry_lair_end_dragon, layout_big_grid, st_stairs_4

Skill      XL: |  1  2  3  4  5  6  7  8  9 10 11 12 13 14 |
---------------+-------------------------------------------+-----
Conjurations   | 2 3 4 5 6 7 8 |  8.6
Spellcasting   | 5 6 7 8 9 10 11 | 11.1
Invocations    | 1 2 3 4 5 6 7 8 10 | 10.8
Fighting       | 1 2 3 5 6 7 8 9 |  9.9
Short Blades   | 1 2 3 5 6 7 8 9 |  9.9
Long Blades    | 1 2 3 5 6 7 8 9 |  9.9
Axes           | 1 2 3 5 6 7 8 9 |  9.9
Maces & Flails | 1 2 3 5 6 7 8 9 |  9.9
Polearms       | 1 2 3 5 6 7 8 9 |  9.9
Staves         | 1 2 3 5 6 7 8 9 |  9.9
Ranged Weapons | 1 2 3 5 6 7 8 9 |  9.9
Throwing       | 1 2 3 5 6 7 8 9 |  9.9
Armour         | 1 2 3 5 6 7 8 9 |  9.9
Shields        | 1 2 3 5 6 7 8 9 |  9.9
Unarmed Combat | 1 2 3 5 6 7 8 9 |  9.9
Evocations     | 1 2 3 5 6 7 8 9 |  9.9
Hexes          | 1 2 3 4 5 6 7 8 |  8.8
Summonings     | 1 2 3 4 5 6 7 8 |  8.3
Necromancy     | 1 2 3 4 5 6 7 8 |  8.3
Translocations | 1 2 3 4 5 6 7 8 |  8.3
Transmutations | 1 2 3 4 5 6 7 8 |  8.3
Ice Magic      | 1 2 3 4 5 6 7 8 |  8.3
Air Magic      | 1 2 3 4 5 6 7 8 |  8.3
Earth Magic    | 1 2 3 4 5 6 7 8 |  8.3
Poison Magic   | 1 2 3 4 5 6 7 8 |  8.3
Dodging        | 5 6 7 8 9 10 11 | 11.0
Stealth        | 5 6 7 8 9 10 | 10.8
Fire Magic     | 6 7 8 9 10 | 10.0

Action                   |  1- 3 |  4- 6 |  7- 9 | 10-12 | 13-15 || total
-------------------------+-------+-------+-------+-------+-------++-------
Melee: Unarmed           |    14 |       |       |   181 |   349 ||   544
       Dagger            |    81 |    58 |    98 |       |       ||   237
       Bite              |     6 |    14 |    33 |    89 |    86 ||   228
       Punch             |     1 |       |     5 |    46 |    41 ||    93
       Spear             |       |       |   147 |   455 |   135 ||   737
 Cast: Foxfire           |     6 |     3 |     1 |     3 |       ||    13
       Scorch            |     4 |    25 |    70 |    38 |       ||   137
       Tukima's Dance    |       |       |     8 |    16 |     1 ||    25
       Blade Hands       |       |       |       |    17 |    44 ||    61
       Freezing Cloud    |       |       |       |     4 |    15 ||    19
Invok: Slouch            |       |       |       |     4 |     5 ||     9
       Step From Time    |       |       |       |       |     1 ||     1
Evoke: Wand              |       |       |       |     3 |     6 ||     9
  Use: Scroll            |       |     6 |     6 |    11 |     7 ||    30
       Potion            |       |       |     1 |     1 |     5 ||     7
 Stab: Sleeping          |     9 |     2 |     3 |    12 |     1 ||    27
       Distracted        |       |       |     2 |     2 |     2 ||     6
Armor: Robe              |     9 |     9 |       |       |       ||    18
       Ring mail         |       |     4 |   130 |   222 |   106 ||   462
       Steam dragon scal |       |       |       |     1 |       ||     1
       Plate armour      |       |       |       |       |     5 ||     5
Dodge: Dodged            |    49 |    30 |   248 |   618 |   564 ||  1509

Table legend: (Time is in decaauts)
 A = Elapsed time spent in this place.
 B = Non-inter-level travel time spent in this place.
 C = Inter-level travel time spent in this place.
 D = Time resting spent in this place.
 E = Time spent auto-exploring this place.
 F = Levels seen in this place.
 G = Mean time per level.
                   A        B        C        D        E       F      G
               +--------+--------+--------+--------+--------+-----+--------+
         Total |  28872 |  27862 |   1010 |   4643 |  18537 |  20 | 1443.6 |
       Dungeon |  18192 |  17721 |    471 |   2856 |  12049 |  13 | 1399.4 |
        Temple |     72 |     58 |     14 |      0 |     42 |   1 |   72.0 |
          Lair |   9567 |   9042 |    525 |   1590 |   6014 |   5 | 1913.4 |
      Ice Cave |   1040 |   1040 |      0 |    197 |    431 |   1 | 1040.0 |
               +--------+--------+--------+--------+--------+-----+--------+

Top non-repeatable levels by time:
    D:12: 2666 daAuts
  Lair:5: 2591 daAuts
    D:11: 2402 daAuts
  Lair:2: 2248 daAuts
  Lair:1: 1933 daAuts
    D:13: 1703 daAuts
     D:8: 1657 daAuts
  Lair:4: 1540 daAuts
     D:9: 1474 daAuts
     D:5: 1341 daAuts
    D:10: 1299 daAuts
     D:3: 1280 daAuts
  Lair:3: 1254 daAuts
     D:7: 1115 daAuts
     D:4: 1108 daAuts
